Cogmind - Beta 13 @@@ ROGUE MODE // 2024.06.17 @ 13:47:21 Player: ovsyanka Result: Destroyed self with Grenade Launcher Performance ------------- Evolutions (0) 0 Regions Visited (3) 600 Robots Destroyed (38) 190 Value Destroyed (757) 757 Prototype IDs (2) 40 Alien Tech Used (0) 0 Bonus (30) 30 TOTAL SCORE: 1617 Bonus ------- Follower Combat Kills 30 Cogmind --------- Core Integrity 0/250 Matter 226/300 Energy 250/250 System Corruption 1% Temperature Cool (0) Movement Rolling (130) Ox2 Location -10/Subcaves Parts ------- > --- POWER (1) -------- Ion Engine > --- PROPULSION (2) --- Spiked Treads Subdweller Monowheel > --- UTILITY (2) ------ High-capacity Storage Unit Makeshift Light Armor Plating > --- WEAPON (2) ------- Grenade Launcher > --- INVENTORY (20) --- Heat Sink Medium Matter Pod (100) Improved Terrain Scanner Terrain Scan Processor Targeting Computer Targeting Computer Scrap Shield Advanced Beam Cannon Advanced Beam Cannon Advanced Beam Cannon Subdweller Beam Cannon Subdweller Beam Cannon Improved Assault Rifle Mining Laser Hammer Scrap Shield Fragment (45) Scrap Shield Fragment (30) Peak State ------------ > --- POWER ------------ Light Angular Momentum Engine > --- PROPULSION ------- Spiked Treads Subdweller Monowheel > --- UTILITY ---------- High-capacity Storage Unit Makeshift Light Armor Plating > --- WEAPON ----------- Battle Rifle Improved Assault Rifle > --- INVENTORY -------- Ion Engine Wheel Heat Sink Medium Matter Pod Medium Matter Pod Improved Terrain Scanner Terrain Scan Processor Targeting Computer Targeting Computer Light Armor Plating Advanced Beam Cannon Advanced Beam Cannon Advanced Beam Cannon Subdweller Beam Cannon Grenade Launcher Rocket Launcher Mining Laser Hammer Scrap Shield Fragment Scrap Shield Fragment [Rating: 22] Favorites ----------- Power Ion Engine Engine Ion Engine Propulsion Spiked Treads Treads Spiked Treads Wheel Subdweller Monowheel Utility High-capacity Storage Unit Device Heat Sink Storage High-capacity Storage Unit Protection Makeshift Light Armor Plating Weapon Rocket Launcher Energy Gun Medium Laser Energy Cannon Advanced Beam Cannon Ballistic Gun Improved Assault Rifle Launcher Rocket Launcher Special Weapon Mining Laser Build | -11 -10 -10 -10 ------- Run | Yrd Mat Min Sub Slots Evolved . | . . . . Power . | . . . . Propulsion . | . . . . Utility . | . . . . Weapon . | . . . . Parts Attached 48 | 10 12 4 22 Power 3 | 1 . 1 1 Engine 3 | 1 . 1 1 Core . | . . . . Reactor . | . . . . Propulsion 11 | 4 3 . 4 Treads 5 | 2 1 . 2 Leg . | . . . . Wheel 6 | 2 2 . 2 Hover . | . . . . Flight . | . . . . Utility 5 | 2 2 . 1 Device 2 | 1 1 . . Storage 2 | 1 1 . . Processor . | . . . . Hackware . | . . . . Protection 1 | . . . 1 Artifact . | . . . . Weapon 29 | 3 7 3 16 Energy Gun 7 | 1 3 2 1 Energy Cannon 4 | . 2 . 2 Ballistic Gun 7 | 2 1 . 4 Ballistic Cannon . | . . . . Launcher 6 | . 1 1 4 Special Weapon 5 | . . . 5 Impact Weapon . | . . . . Slashing Weapon . | . . . . Piercing Weapon . | . . . . Special Melee Weapon . | . . . . Unidentified Prototypes 2 | . 2 . . Parts Lost 4 | . . . 4 Power 1 | . . . 1 Propulsion 1 | . . . 1 Utility . | . . . . Weapon 2 | . . . 2 Highest Loss Streak 2 | . . . 2 To Critical Strikes . | . . . . Average Slot Usage (%) 99 | . 99 100 99 Engine 14 | . 14 14 14 Treads 12 | . 22 . 10 Wheel 15 | . 5 28 17 Device 6 | . 14 14 2 Storage 14 | . 14 14 14 Protection 7 | . . . 11 Energy Gun 5 | . 15 14 . Energy Cannon 3 | . 1 14 3 Ballistic Gun 9 | . 11 . 10 Launcher 6 | . . . 9 Special Weapon 2 | . . . 3 Naked Turns . | . . . . Heaviest Build 59 | 15 52 59 59 Greatest Support 40 | 40 40 20 30 Greatest Overweight (x) 18 | . 2 2 18 Average Overweight (x) 3 | . . 2 5 Largest Inventory Capacity 20 | 8 20 20 20 Average Capacity 18 | 7 15 20 20 Most Carried 20 | 8 20 20 20 Average Carried 16 | 5 9 19 19 Final Capacity 20 | 8 20 20 20 Final Carried 20 | 8 20 19 18 Class Distribution -------------------- 65% | Subdweller-Mutant 27% | Mutant 7% | Scavenger-Mutant Dominant Class ---------------- Mutant | -10/Materials Scavenger-Mutant | -10/Mines Subdweller-Mutant | -10/Subcaves Resources | -11 -10 -10 -10 ----------- Run | Yrd Mat Min Sub Matter Collected 1326 | 355 404 139 428 Remotely . | . . . . Salvage Created 1173 | 118 620 108 327 Parts 61 | 8 31 4 18 Haulers Intercepted 2 | . 2 . . Recyclers Shooed 4 | . 4 . . Parts Field Recycled . | . . . . Retrieved Matter . | . . . . Parts Self-Destructed 8 | . . . 8 Prevented . | . . . . Kills | -11 -10 -10 -10 ------- Run | Yrd Mat Min Sub Combat Hostiles Destroyed 26 | . 12 3 11 Guns 16 | . 10 . 6 AOE 10 | . 2 3 5 Classes Destroyed 11 | 3 5 . 3 Worker 2 | 1 1 . . Builder 1 | . 1 . . Tunneler 2 | 1 1 . . Hauler 2 | . 2 . . Recycler 4 | 1 2 1 . Watcher 1 | . 1 . . Swarmer 11 | . 6 3 2 Grunt 6 | . 6 . . Sentry 1 | . . . 1 Artisan 1 | . . . 1 Subdweller 8 | . . . 8 Best Kill Streak 6 | 1 6 3 2 Combat Bots Only 5 | . 5 3 2 Max Kills in Single Turn 3 | 1 3 2 1 Gunslinging 1 | . 1 . . Exploded 2 | . 2 2 1 Melee . | . . . . Uniques/NPCs Destroyed . | . . . . Combat | -11 -10 -10 -10 -------- Run | Yrd Mat Min Sub Hostile Shots Fired 117 | . 46 10 61 Missed 36 | . 13 5 18 Damage Taken 1395 | . 396 45 954 Core 259 | . 74 9 176 Absorbed by Shields . | . . . . Core Remaining (%) 100 | 100 . . . Volleys Fired 148 | 14 49 7 78 Largest 2 | 2 2 2 2 Hottest 143 | 40 118 143 143 Shots Fired 235 | 28 97 10 100 Gun 168 | 28 93 3 44 Cannon 12 | . 3 3 6 Launcher 18 | . 1 4 13 Special 37 | . . . 37 Kinetic 109 | 28 42 . 39 Thermal 108 | . 54 6 48 Explosive 18 | . 1 4 13 Electromagnetic . | . . . . Robot Hit Streak 18 | 9 8 4 18 Robot Miss Streak 3 | 3 3 2 2 Penetration Max . | . . . . Secondary Targets 3 | . 2 . 1 Max Gunslinging Chain 1 | . 1 . 1 Shots Hit Robots 132 | 18 61 5 48 Core Hits 61 | 6 31 5 19 Critical Kills . | . . . . Critical Parts Destroyed . | . . . . Critical Strikes 3 | . 3 . . Burn 3 | . 3 . . Melee Attacks . | . . . . Impact . | . . . . Slashing . | . . . . Piercing . | . . . . Sneak Attacks . | . . . . Combat Hostiles . | . . . . Follow-up Attacks . | . . . . Damage Inflicted 2889 | 188 947 369 1385 Guns 1558 | 188 770 44 556 Cannons 122 | . 41 20 61 Explosions 1181 | . 132 305 744 Melee . | . . . . Ramming 4 | . 4 . . Kinetic 986 | 188 307 . 491 Thermal 718 | . 504 64 150 Explosive 1181 | . 132 305 744 Electromagnetic . | . . . . Impact . | . . . . Slashing . | . . . . Piercing . | . . . . Highest Corruption 1 | . 1 1 1 Average Corruption 1 | . 1 1 1 Corruption Purged . | . . . . Corruption Blocked . | . . . . Effects 34 | . . 5 29 Message Errors 2 | . . . 2 Matter Fused 7 | . . 1 6 Heat Flow Errors 5 | . . . 5 Energy Discharges 7 | . . 1 6 Data Loss (minor) 4 | . . . 4 Data Loss (major) 6 | . . 2 4 Misfires 2 | . . . 2 Alerts 1 | . . 1 . Overload Shots . | . . . . Overflow Damage 31 | . . 9 22 Projectiles . | . . . . Explosions 31 | . . 9 22 Melee . | . . . . Knockbacks . | . . . . Impact . | . . . . Kinetic . | . . . . Secondary . | . . . . Self-Inflicted Damage 118 | . 27 5 86 Shots 6 | . 1 1 4 Rammed 1 | . 1 . . Targets Rammed 1 | . 1 . . Kicked . | . . . . Crushed . | . . . . Highest Temperature 353 | . 353 114 180 Average Temperature 54 | . 63 48 43 Received Heat Transfer 390 | . 165 . 225 Siege Activations . | . . . . Robots Corrupted . | . . . . Combat Hostiles . | . . . . Parts Fried . | . . . . Impact Corruptions . | . . . . Robots Melted . | . . . . Combat Hostiles . | . . . . Parts Melted 4 | . 3 . 1 Heat Transferred 2036 | . 1653 111 272 Parts Sabotaged . | . . . . Parts Stolen . | . . . . Parts Stripped . | . . . . Power Chain Reactions . | . . . . Alert | -11 -10 -10 -10 ------- Run | Yrd Mat Min Sub Peak Influence 263 | 15 263 102 . Initial 9 | . 9 7 . Average 100 | 5 117 85 . Maximum Alert Level 1 | . 1 . . Low Security (%) 88 | 100 83 100 . Level 1 11 | . 16 . . Level 2 . | . . . . Level 3 . | . . . . Level 4 . | . . . . Level 5 . | . . . . High Security . | . . . . Max Security . | . . . . Squads Dispatched 2 | . 2 . . Investigation . | . . . . Extermination . | . . . . Reinforcement 2 | . 2 . . Assault . | . . . . Garrison . | . . . . Intercept . | . . . . Searches Triggered . | . . . . Construction Impeded . | . . . . Haulers Reinforced . | . . . . Active Scanning Responses . | . . . . Cargo Convoy Interrupts . | . . . . Stealth | -11 -10 -10 -10 --------- Run | Yrd Mat Min Sub Distress Signals . | . . . . Communications Jammed . | . . . . Distress Signals . | . . . . Times Spotted 39 | . 20 4 15 Peak Tracking Total 5 | . 5 5 2 Tactical Retreats 1 | . . . 1 Traps | -11 -10 -10 -10 ------- Run | Yrd Mat Min Sub Traps Triggered 2 | . 2 . . Indirectly . | . . . . Trap Hack Attempts . | . . . . Triggered . | . . . . Disarmed . | . . . . Reprogrammed . | . . . . Reused . | . . . . Traps Extracted . | . . . . Installed . | . . . . Triggered . | . . . . Machines | -11 -10 -10 -10 ---------- Run | Yrd Mat Min Sub Machines Disabled . | . . . . Max in Single Turn . | . . . . Machines Repaired . | . . . . Machines Dismantled . | . . . . Machines Sabotaged . | . . . . Overloaded Fab Kills . | . . . . Hacking | -11 -10 -10 -10 --------- Run | Yrd Mat Min Sub Machines Accessed 7 | . 7 . . Terminals 6 | . 6 . . Fabricators . | . . . . Repair Stations . | . . . . Recycling Units 1 | . 1 . . Scanalyzers . | . . . . Garrison Access . | . . . . Total Hacks 16 | . 16 . . Successful 7 | . 7 . . Failed 9 | . 9 . . Catastrophic 1 | . 1 . . Database Lockouts . | . . . . Manual 12 | . 12 . . Terminals 14 | . 14 . . Fabricators . | . . . . Repair Stations . | . . . . Recycling Units 2 | . 2 . . Scanalyzers . | . . . . Garrison Access . | . . . . Terminal Hacks 6 | . 6 . . Record 1 | . 1 . . Robot Analysis 3 | . 3 . . Branch Access Points 1 | . 1 . . Terminal Index 1 | . 1 . . Fabricator Hacks . | . . . . Repair Station Hacks . | . . . . Recycling Unit Hacks 1 | . 1 . . Retrieve Components 1 | . 1 . . Scanalyzer . | . . . . Garrison Access Hacks . | . . . . Unauthorized Hacks . | . . . . Terminals . | . . . . Fabricators . | . . . . Repair Stations . | . . . . Recycling Units . | . . . . Scanalyzers . | . . . . Garrison Access . | . . . . Data Cores Recovered . | . . . . Used . | . . . . Hacking Detections 6 | . 6 . . Full Trace Events . | . . . . Feedback Events . | . . . . Feedback Blocked . | . . . . Robot Schematics Acquired . | . . . . Robots Built . | . . . . Authchips . | . . . . Time . | . . . . Total Robot Build Rating . | . . . . Part Schematics Acquired . | . . . . Parts Built . | . . . . Authchips . | . . . . Time . | . . . . Total Part Build Rating . | . . . . Parts Repaired . | . . . . Time . | . . . . Parts Recycled . | . . . . Recycled Matter . | . . . . Retrieved Matter . | . . . . Retrieved Components 9 | . 9 . . Parts Scanalyzed . | . . . . Part Schematics Acquired . | . . . . Parts Damaged . | . . . . Bothacking | -11 -10 -10 -10 ------------ Run | Yrd Mat Min Sub Used RIF Installer . | . . . . Robots Hacked . | . . . . Non-combat . | . . . . Combat . | . . . . Robot Hacks Applied . | . . . . Relay Couplers Released . | . . . . Fabnet Peak Effective % . | . . . . Robots Rewired . | . . . . Allies Hacked . | . . . . Hacks Repelled . | . . . . Allies | -11 -10 -10 -10 -------- Run | Yrd Mat Min Sub Total Allies 3 | . . 3 . Largest Group 3 | . . 3 3 Highest-Rated Group 40 | . . 40 40 Highest-Rated Ally 16 | . . 16 16 Total Orders . | . . . . Ally Attacks 18 | . . . 18 Total Damage 137 | . . . 137 Kills 1 | . . . 1 Allies Corrupted . | . . . . Allies Melted . | . . . . Intel | -11 -10 -10 -10 ------- Run | Yrd Mat Min Sub Robot Analysis Total 3 | . 3 . . Derelict Logs Recovered 1 | . . 1 . Drone Launches . | . . . . Drone Recoveries . | . . . . Exploration | -11 -10 -10 -10 ------------- Run | Yrd Mat Min Sub Turns Passed 6071 | 171 1376 397 4127 Spaces Moved 2322 | 78 684 257 1303 Core 276 | 1 . . 275 Treads 502 | 41 461 . . Legs . | . . . . Wheels 1544 | 36 223 257 1028 Hover . | . . . . Flight . | . . . . Fastest Speed 50 | 50 110 110 107 Average Speed 229 | 125 169 110 290 Slowest Speed 950 | 160 240 110 950 Overloaded Moves . | . . . . Propulsion Burnouts . | . . . . Robots Hopped . | . . . . Cave-ins Triggered . | . . . . Exploration Rate (%) 54 | 6 95 61 55 Regions Visited 3 Branch Regions 2 Pre-discovered Areas 1 | . . 1 . Known Exits Taken 1 | . 1 . . Unknown Exits Taken 2 | 1 . 1 . Scrap Searched . | . . . . Spaces Dug 2 | . . . 2 Terrain Destroyed 112 | . 10 31 71 Melee . | . . . . Projectile 2 | . . . 2 AOE 110 | . 10 31 69 Terrain Rammed . | . . . . Walls Destroyed . | . . . . Machines Disabled . | . . . . Actions | -11 -10 -10 -10 --------- Run | Yrd Mat Min Sub Total 2764 | 124 804 364 1472 Wait 168 | 4 31 86 47 Move 2319 | 77 683 256 1303 Hop . | . . . . Pick Up 46 | 14 17 4 11 Fast Attach 12 | 6 6 . . Attach 4 | 1 . . 3 Detach . | . . . . Swap 32 | 3 6 4 19 Drop 34 | 5 11 7 11 Fire 148 | 14 49 7 78 Melee . | . . . . Ram . | . . . . Kick . | . . . . Crush 1 | . 1 . . Escape Stasis . | . . . . Rewire . | . . . . Trap . | . . . . Miscellaneous . | . . . . Route ------- -11/Scrapyard -10/Materials (discovered 4 exits: [*Mat x3] / *Min) -10/Mines (discovered 2 exits: [*Exi] / [*Sub]) -10/Subcaves (discovered 1 exit: [*Mat]) History --------- Turn | Location | Event 7 | -11/Scrapyard | Discovered new exit (range 15) 172 | -11/Scrapyard | Entered Materials 314 | -10/Materials | Build established: Mutant 508 | -10/Materials | Discovered new exit (range 13) 658 | -10/Materials | Discovered new exit (range 13) 677 | -10/Materials | Identified exit to Mines 1078 | -10/Materials | Discovered new exit (range 12) 1390 | -10/Materials | Discovered new exit (range 11) 1548 | -10/Materials | Entered Mines 1555 | -10/Mines | Received a Rocket Launcher from a helpful Derelict 1556 | -10/Mines | Deemed a non-threat by the Exiles lab entrance 1557 | -10/Mines | Discovered new exit (range 5) 1599 | -10/Mines | Joined a pair of Derelicts in attacking an 0b10 outpost 1789 | -10/Mines | Assisted by bots powering up and referring to "LRC-V3" 1902 | -10/Mines | Build established: Scavenger-Mutant 1923 | -10/Mines | Discovered new exit (range 5) 1945 | -10/Mines | Entered Subcaves 1945 | -10/Subcaves | Accompanied by 3 allies 2078 | -10/Subcaves | Core integrity fell below 50% 2102 | -10/Subcaves | Lost 3 allies 2178 | -10/Subcaves | Ambushed by angry Subdweller bent on revenge 2209 | -10/Subcaves | Shifting Twisted Machinery released Flamer 2215 | -10/Subcaves | Discovered new exit (range 7) 2389 | -10/Subcaves | Shifting Twisted Machinery released Battle Rifle 2415 | -10/Subcaves | Build established: Subdweller-Mutant 2506 | -10/Subcaves | A swath of the cavern ceiling suddenly collapsed 2704 | -10/Subcaves | Shifting Twisted Machinery released Sub. Machine Gun 2712 | -10/Subcaves | Shifting Twisted Machinery released Battle Rifle 2818 | -10/Subcaves | Core integrity fell below 20% 6060 | -10/Subcaves | Ambushed by Subdweller buried in earth 6068 | -10/Subcaves | Ambushed by Subdweller buried in earth 6070 | -10/Subcaves | Ambushed by Subdweller buried in earth 6072 | -10/Subcaves | Destroyed self with Grenade Launcher Last Messages --------------- 05934_ Acquired 18 matter. 05936_ Acquired 16 matter. 05937_ Acquired 25 matter. 05939_ Flight Unit fries itself beyond repair. 05944_ System corrupted: Energy discharge (-65). 05960_ System corrupted: Component data lost. 05989_ System corrupted: Substantial component data lost. 06007_ System corrupted: Energy discharge (-87). 06061_ FQ-5HW(R): "NAT20!" 06065_ Destroyed Sub. Power Source. 06065_ Battle Rifle destroyed. 06065_ Destroyed Battle Rifle. 06065_ Rocket Launcher destroyed. 06067_ The unstable cave ceiling collapses. 06068_ T3-TRT(R) destroyed. 06069_ 23-7D7(R): "NOSTUCKSUB!" 06070_ 23-7D7(R) destroyed. 06071_ WY-RYV(R): "HIDIE!" 06071_ The unstable cave ceiling collapses. Map ----- +----------------------------------------------------+ | ?????##"" #"[##?# #?## ## ##???????????? | | ?????# ##=*#?# ##??#### ##??????????? | | ?????### ## "## #### #??# #??????????? | | ??????#" #### ## #?## ## ##??????????? | | ????###" ##?##!!%% ### ## ##???????????? | | ???## # ###%*!& ## ## ##????????????? | | ??## "" """= # ### #?????????????? | | ??# ##"" ""### ### ##????????????? | | ??# "### #### ### ### # ##???????????? | | ??## ##?# #### ######### #???????????? | | ### #?# ### ## ### #???????????? | | # #### ### ## ##???????????? | | ## ### #### ##????????????? | | ##?##### #??# #?????????????? | | ######??????#### ##?## ###?????????????? | | ## #??????????????# ;#??####???????????????? | | ?## #??????????????## #?????????????????????? | | ??## #??????????????# #?????????????????????? | | ???# #??????????????## #?????????????????????? | | ??## ##?????????????# #?????????????????????? | | ### #?????????????# #?????????????????????? | | #?????????????#; ;#?????????????????????? | | #?????????????# ###???????????????????? | | ## #????????????##; ##??????????????????? | | ## #????????????# #??????????????????? | | #?????????????# @ #??????????????????? | | ##??????????# #??????????????????? | | ##??????????# & R #??????????????????? | | ## #?????????# R !& "?????????????????? | | ### #?????????## %! """???????????????? | | ## #??????????## & """""???????????????? | | # ### ##??????????? ##""???????????????? | | ####?###???????????# ## #"" ##?? ???????????????? | | ###????????????????#### ""#???????????????????? | | # ##??????????????????# ""#???????????????????? | | #??????????????????## ##?#???????????????????? | | ##???????????????????## ???????????????????????? | | #?????????????????????? ???????????????????????? | | ###?????????????????????? ???????????????????????? | | ????????????????????????? ???????????????????????? | | ?????????????????????????#???????????????????????? | | ?????????????????????????????????????????????????? | | ?????????????????????????????????????????????????? | | #????????????????????????????????????????????????? | | #????????????????????????????????????????????????? | | #????????????????????????????????????????????????? | | #????????????????????????????????????????????????? | | #????????????????????????????????????????????????? | | ?????????????????????????????????????????????????? | | ?????????????????????????????????????????????????? | +----------------------------------------------------+ Best States ------------- Heat Dissipation 35 Energy Generation 18 Energy Capacity 250 Matter Stores 300 Matter Capacity 300 Sight Range 16 Terrain Scan Density 10 Armor Coverage 100 Evasion (%) 42 Recoil Reduction 2 Item Schematics ----------------- None Robot Schematics ------------------ None Fabricated ------------ Nothing Alien Tech Used ----------------- None Achievements -------------- None Challenges ------------ None Game ------ Seed SurveybotAssembledBroadsword Manual? 0 Play Time 00:32:12 Cumulative 38.2 hours Start 2024.06.17 @ 12:21:01 End 2024.06.17 @ 13:47:21 Sessions 1 Manual Loads 0 Difficulty Rogue Special Mode None Game No. 23 Rogue 10 Adventurer 13 Explorer 0 Win Type - Total 0 Types 0/0/0/0/0/0/0/0/0 Lore% 22 Gallery% 36 Achievement% 31 Wizard Run 0 Options --------- Layout 2 ASCII 0 Keyboard 0 Movement Numpad Keybinds 0 Fullscreen 2 Font 16/Swanston Map View 55x47 Zoom Use 0% Tactical HUD 1 Map Filters NONE Filters NONE Steam 0 RUN: 5d0c9b9c-f83e-428a-86d9-d5bfd23dc9cd